 Dungeon Crawl Stone Soup version 0.17-a0-1674-g2b13139 (webtiles) character file.

2207 Edric the Skirmisher (level 9, -3/80 HPs)
             Began as a Minotaur Berserker on Aug 18, 2015.
             Was an Elder of Trog.
             Slain by an ice beast (7 damage)
             ... on level 6 of the Dungeon.
             The game lasted 00:57:13 (5983 turns).

Edric the Skirmisher (Minotaur Berserker)           Turns: 5983, Time: 00:57:13

Health: -3/80      AC:  7    Str: 25    XL:     9   Next: 13%
Magic:  8/8        EV: 12    Int:  4    God:    Trog [****..]
Gold:   293        SH:  0    Dex: 10    Spells: 0 memorised, 8 levels left

rFire  + . .     SeeInvis .     a - +0 hand axe
rCold  x . .     Clarity  +     m - +0 scale mail
rNeg   . . .     SustAt   .     (no shield)
rPois  .         Gourm    .     (helmet restricted)
rElec  .         Spirit   .     (no cloak)
rCorr  .         Warding  .     (no gloves)
rMut   .         Stasis   .     (no boots)
MR     .....                    o - amulet of clarity (curse)
Stlth  ..........               e - ring of invisibility
                                i - ring of fire

@: not resistant to hostile enchantments, extremely unstealthy
A: retaliatory headbutt, horns 2
a: Burn Spellbooks, Berserk, Trog's Hand, Brothers in Arms, Renounce Religion,
Evoke Invisibility


You were on level 6 of the Dungeon.
You worshipped Trog.
Trog was greatly pleased with you.
You were hungry.

You visited 1 branch of the dungeon, and saw 6 of its levels.

You collected 293 gold pieces.

Inventory:

Hand weapons
 a - a +0 hand axe (weapon)
 h - a +0 dagger of distortion
 x - a +0 mace
 y - a +0 dagger of freezing
Missiles
 k - 8 tomahawks (quivered)
Armour
 m - a +0 scale mail (worn)
Jewellery
 e - a ring of invisibility (right hand)
 i - a ring of fire (left hand)
 o - a cursed amulet of clarity (around neck)
 C - an uncursed ring of see invisible
Magical devices
 p - a wand of flame (15)
 t - a wand of slowing (15)
Scrolls
 b - 4 scrolls of identify
 d - a scroll of enchant armour {unknown}
 f - a scroll of remove curse
 j - 3 scrolls of fog
 q - 5 scrolls of recharging
 r - 2 scrolls of teleportation
 A - a scroll of fear {unknown}
Potions
 g - 2 potions of cure mutation
 n - a potion of magic
 s - 3 potions of curing
 v - a potion of lignification {unknown}
 w - 2 potions of heal wounds
 B - a potion of agility {unknown}
Comestibles
 c - 4 bread rations
 l - 2 meat rations
 u - 6 fruits
 z - 4 beef jerkies


   Skills:
 + Level 7.7 Fighting
 + Level 6.7 Axes
 + Level 6.4 Throwing
 + Level 6.4 Armour
 + Level 5.6 Dodging
 + Level 0.5 Stealth


You had 8 spell levels left.
You didn't know any spells.

Dungeon Overview and Level Annotations

Branches:
Dungeon (6/15)             Temple (0/1) D:4

Altars:
Cheibriados
Elyvilon
Kikubaaqudgha


Innate Abilities, Weirdness & Mutations

You reflexively headbutt those who attack you in melee.
You have a pair of horns on your head.


Message History

You closely miss the ice beast.
The ice beast is severely wounded.
The ice beast hits you but does no damage.
You closely miss the ice beast.
The ice beast is severely wounded.
The ice beast hits you. The ice beast freezes you!!
You feel a terrible chill!
* * * LOW HITPOINT WARNING * * *
You closely miss the ice beast.
The ice beast is severely wounded.
The ice beast barely misses you. You furiously retaliate!
You headbutt the ice beast, but do no damage.
You hit the ice beast.
The ice beast is almost dead.
The ice beast hits you but does no damage.
You closely miss the ice beast.
The ice beast is almost dead.
The ice beast hits you.
* * * LOW HITPOINT WARNING * * *
The ice beast freezes you!
You feel a terrible chill!
You die...

#.........#
##.........#
#.........##
#........##
#.......##
#......##
#.....##
##(..##
#(@### #Y.#
.((## ..((.
.....##
...## .##


You could see an ice beast.

Vanquished Creatures
  The ghost of stringdemon the Cudgeler, an experienced GrAE (D:5)
  A steam dragon (D:5)
  4 ogres
  An ice beast (D:5)
  3 phantoms
  2 centaurs
  A scorpion (D:6)
  2 crimson imps (D:6)
  2 vampire bats (D:5)
  A jelly (D:5)
  A giant frog zombie (D:5)
  3 orc wizards (D:5)
  A giant frog skeleton (D:5)
  Jessica (D:3)
  3 hounds
  Terence (D:2)
  An iguana (D:6)
  5 worker ants
  A hound zombie (D:5)
  2 hound skeletons (D:4)
  9 adders
  An adder zombie (D:3)
  A worm (D:5)
  2 adder skeletons (D:4)
  5 giant geckos
  12 orcs
  5 bats
  4 bat skeletons (D:5)
  2 bat zombies (D:5)
  3 giant cockroaches
  8 hobgoblins
  8 kobolds
  A quokka (D:6)
  A ball python (D:3)
  4 giant newts
  17 goblins
  15 jackals
  2 quokka skeletons (D:5)
  7 rats
144 creatures vanquished.

Vanquished Creatures (collateral kills)
  2 orc priests (D:6)
  2 orc wizards (D:6)
  2 orcs (D:6)
6 creatures vanquished.

Grand Total: 150 creatures vanquished

Notes
Turn   | Place    | Note
--------------------------------------------------------------
     0 | D:1      | Edric the Minotaur Berserker began the quest for the Orb.
     0 | D:1      | Reached XP level 1. HP: 19/19 MP: 0/0
   133 | D:1      | Reached skill level 4 in Fighting
   133 | D:1      | Reached XP level 2. HP: 2/27 MP: 1/1
  1003 | D:2      | Found a snail-covered altar of Cheibriados.
  1012 | D:2      | Reached XP level 3. HP: 31/33 MP: 2/2
  1028 | D:2      | Acquired Trog's second power
  1108 | D:2      | Noticed Terence
  1134 | D:2      | Killed Terence
  1134 | D:2      | Reached skill level 1 in Throwing
  1231 | D:2      | Found a white marble altar of Elyvilon.
  1701 | D:2      | Reached XP level 4. HP: 41/41 MP: 3/3
  2043 | D:3      | Noticed Jessica
  2050 | D:3      | Killed Jessica
  2159 | D:3      | Reached XP level 5. HP: 47/47 MP: 4/4
  2161 | D:3      | Found a faded altar to an unknown god.
  2476 | D:3      | Noticed an ogre
  2491 | D:3      | Killed an ogre
  2491 | D:3      | Reached skill level 5 in Fighting
  2853 | D:3      | Reached XP level 6. HP: 56/56 MP: 5/5
  3164 | D:4      | Reached skill level 5 in Axes
  3251 | D:4      | Found a staircase to the Ecumenical Temple.
  3382 | D:4      | Reached XP level 7. HP: 47/62 MP: 6/6
  3585 | D:4      | Reached skill level 6 in Fighting
  4311 | D:5      | Entered Level 5 of the Dungeon
  4378 | D:5      | Found an ancient bone altar of Kikubaaqudgha.
  4494 | D:5      | Reached XP level 8. HP: 58/71 MP: 7/7
  4511 | D:5      | Noticed stringdemon's ghost (experienced GrAE)
  4526 | D:5      | Killed stringdemon's ghost
  4526 | D:5      | Reached skill level 5 in Throwing
  4526 | D:5      | Reached skill level 5 in Armour
  4526 | D:5      | Reached skill level 5 in Dodging
  4559 | D:5      | Acquired Trog's third power
  4791 | D:5      | Reached skill level 7 in Fighting
  5676 | D:6      | Reached XP level 9. HP: 73/79 MP: 8/8
  5983 | D:6      | HP: 4/80 [ice beast (3)]
  5983 | D:6      | Slain by an ice beast

Vault maps used:
D:1:      ncdulo_watergridlock, serial_bayou_lagoon_b
D:2:      cheibriados_altar_1, elyvilon_altar_3, uniq_terence
D:3:      ecumenical_altar_2, minmay_ogre_servants, uniq_jessica
D:4:      minmay_temple_entry_grid
D:5:      kennysheep_vampire_church, first_bread, minmay_misc_feat_hallway,
          grunt_tough_drop

Action                   |  1- 3 |  4- 6 |  7- 9 || total
-------------------------+-------+-------+-------++-------
Melee: Hand axe          |    58 |   115 |   145 ||   318
Throw: Stone             |    66 |    49 |       ||   115
       Tomahawk          |       |    18 |   105 ||   123
Invok: Berserk           |       |     3 |     2 ||     5
       Brothers in Arms  |       |       |     1 ||     1
Evoke: Wand              |       |       |     1 ||     1
  Use: Scroll            |     5 |       |     5 ||    10
       Potion            |       |       |     6 ||     6
  Eat: Bread ration      |     1 |       |       ||     1
       Chunk             |       |     2 |     9 ||    11
       Meat ration       |       |     1 |       ||     1
